 Dungeon Crawl Stone Soup version 0.17-a0-1701-gf693a3f (webtiles) character file.

3297 karlkraus the Blocker (level 9, -8/79 HPs)
             Began as a Minotaur Fighter on Aug 21, 2015.
             Mangled by a centaur warrior (10 damage)
             ... on level 6 of the Dungeon.
             The game lasted 00:13:56 (5830 turns).

karlkraus the Blocker (Minotaur Fighter)            Turns: 5830, Time: 00:13:57

Health: -8/79      AC: 15    Str: 20    XL:     9   Next: 70%
Magic:  0/8        EV:  9    Int:  5    God:
Gold:   333        SH: 15    Dex: 14    Spells: 0 memorised, 8 levels left

rFire  + . .     SeeInvis .     m - +2 mace (drain)
rCold  + . .     Clarity  .     o - +1 chain mail {rF+}
rNeg   . . .     SustAt   .     c - +1 shield
rPois  .         Gourm    .     (helmet restricted)
rElec  .         Spirit   +     (no cloak)
rCorr  .         Warding  .     (no gloves)
rMut   .         Stasis   .     (no boots)
MR     +....                    x - amulet of guardian spirit
Stlth  ..........               z - ring of protection from magic
                                y - ring of protection from cold

@: somewhat resistant to hostile enchantments, extremely unstealthy
A: retaliatory headbutt, horns 2, large bone plates 1, slimy green scales 1,
thin skeletal structure 1, clumsy 1
a: no special abilities


You were on level 6 of the Dungeon.
You were not hungry.

You visited 1 branch of the dungeon, and saw 7 of its levels.
You also visited: Ossuary.

You collected 353 gold pieces.
You spent 20 gold pieces at shops.

Inventory:

Hand weapons
 m - a +2 mace of draining (weapon)
 A - a cursed +2 flail
 B - a cursed +2 mace
Armour
 c - a +1 shield (worn)
 o - a +1 chain mail of fire resistance (worn)
Jewellery
 n - an uncursed amulet of the gourmand
 x - an amulet of guardian spirit (around neck)
 y - a ring of protection from cold (left hand)
 z - a ring of protection from magic (right hand)
 C - an uncursed ring of protection from cold
Scrolls
 a - 4 scrolls of amnesia {unknown}
 b - 2 scrolls of enchant armour
 f - a scroll of enchant weapon
 g - 6 scrolls of remove curse
 k - 6 scrolls of identify
 w - a scroll of brand weapon {unknown}
 D - a scroll of fog
Potions
 d - 2 potions of might
 h - 3 potions of agility
 i - 2 potions of brilliance
 j - 2 potions of resistance
 p - 3 potions of haste
 s - 5 potions of curing
 t - 3 potions of heal wounds {unknown}
 u - 3 potions of poison {unknown}
 v - 4 potions of flight {unknown}
Comestibles
 e - 7 bread rations
 l - 3 meat rations
 q - 3 beef jerkies
 r - a slice of pizza


   Skills:
 + Level 7.1 Fighting
 + Level 8.7 Maces & Flails
 + Level 7.9 Armour
 + Level 5.0 Dodging
 + Level 0.8 Stealth
 + Level 9.5 Shields


You had 8 spell levels left.
You didn't know any spells.

Dungeon Overview and Level Annotations

Branches:
Dungeon (7/15)
 Temple: D:4-7

Altars:
Qazlal

Shops:
D:4 *


Innate Abilities, Weirdness & Mutations

You reflexively headbutt those who attack you in melee.
You have a pair of horns on your head.
You are partially covered in large bone plates (AC +2, SH +2).
You are partially covered in slimy green scales (AC +2).
You have a somewhat thin skeletal structure (Dex +2, Stealth).
You are clumsy. (Dex -2)


Message History

The jelly hits you.
You are splashed with acid!
The acid burns!
You block the orc's attack.
You bludgeon the jelly!!
Your hands burn!
You headbutt the jelly.
The jelly is almost dead.
The orc hits you but does no damage.
You hit the gargoyle but do no damage. Your headbutt misses the gargoyle.
The centaur warrior hits you but does no damage.
The gargoyle hits you with a mace!
* * * LOW HITPOINT WARNING * * *
The orc warrior hits you from afar with a trident.
* * * LOW HITPOINT WARNING * * *
The centaur warrior hits you.
* * * LOW HITPOINT WARNING * * *
You feel a little less mighty now.
You hear a distant slurping noise.
The gargoyle hurls a stone arrow at you.
The stone arrow hits you!
* * * LOW HITPOINT WARNING * * *
The centaur warrior hits you!
You die...

##..............# #.....'......
##.....#+#...#### #.#####......
##........(### #.#......#...
##.........## #.#......#...
##....##.#..# #............
#.....##.#..#####################
......................(..........
..>.......#####################.#
..#########....'@.J...... #.#
..........#P...#9cW...... #.#
..........#...P#o.o...... #..
..........#P...#......... #.#
..........#...P#......... #.#
..#########P...#......... #.# ###
#...P#......... #..
#P...#......... #.. #...P# #..


You could see a centaur warrior, a hungry ghost, an orc warrior, a gargoyle, a
jelly and an orc.

Vanquished Creatures
  The ghost of Pikaro the Destroyer, an experienced DrVM of Cheibriados (D:6)
  2 sky beasts
  A water moccasin (D:6)
  2 phantoms (D:6)
  An orc warrior (D:7)
  An ice beast (D:7)
  4 ogres
  A centaur (D:5)
  3 elf zombies (D:6)
  2 giant frogs
  5 water moccasin zombies (Ossuary)
  4 scorpions
  A water moccasin skeleton (D:5)
  A jelly (D:6)
  5 wights (D:7)
  A crimson imp (D:6)
  A giant frog zombie (D:7)
  An orc priest (D:4)
  A centaur skeleton (D:7)
  3 hounds
  2 orc wizards (D:7)
  2 giant frog skeletons
  A human skeleton (D:6)
  Natasha (thrice) (D:4)
  An iguana (D:6)
  5 worker ants
  A killer bee zombie (D:6)
  2 big kobold zombies (Ossuary)
  A hound zombie (D:6)
  2 mummies (Ossuary)
  7 adders
  A shadow imp (D:5)
  7 adder zombies
  2 worms
  2 giant geckos (D:4)
  21 orcs
  2 ball pythons
  7 giant cockroaches
  3 gnoll zombies (Ossuary)
  6 goblins
  16 hobgoblins
  5 jackals
  7 kobolds
  3 bats
  2 giant newts
  6 hobgoblin zombies (Ossuary)
  10 kobold zombies (Ossuary)
  An orc skeleton (D:6)
  11 orc zombies
  4 quokkas
  9 rats
193 creatures vanquished.

Notes
Turn   | Place    | Note
--------------------------------------------------------------
     0 | D:1      | karlkraus the Minotaur Fighter began the quest for the Orb.
     0 | D:1      | Reached XP level 1. HP: 19/19 MP: 0/0
    72 | D:1      | Reached skill level 4 in Shields
    94 | D:1      | Reached XP level 2. HP: 27/27 MP: 1/1
   656 | D:1      | Reached XP level 3. HP: 33/33 MP: 2/2
  1191 | D:2      | Reached XP level 4. HP: 21/40 MP: 3/3
  1375 | D:2      | Reached skill level 1 in Dodging
  1879 | D:3      | Reached skill level 5 in Shields
  1879 | D:3      | Reached XP level 5. HP: 44/46 MP: 4/4
  1993 | D:3      | Noticed a sky beast
  2013 | D:3      | Killed a sky beast
  2013 | D:3      | Reached XP level 6. HP: 38/53 MP: 5/5
  2475 | D:4      | Found Heoludoi's General Store.
  2490 | D:4      | Noticed Natasha
  2575 | D:4      | Found a stormy altar of Qazlal.
  2651 | D:4      | Reached skill level 6 in Shields
  2828 | D:4      | Killed Natasha
  2828 | D:4      | Reached skill level 5 in Maces & Flails
  2878 | D:4      | Bought a scroll of identify for 20 gold pieces
  3056 | D:4      | Noticed Natasha
  3068 | D:4      | Killed Natasha
  3136 | D:4      | Noticed Natasha
  3140 | D:4      | Killed Natasha
  3184 | D:5      | Entered Level 5 of the Dungeon
  3317 | D:5      | Reached skill level 5 in Armour
  3317 | D:5      | Reached XP level 7. HP: 60/60 MP: 6/6
  3825 | D:5      | Reached skill level 7 in Shields
  3992 | D:5      | Reached skill level 5 in Fighting
  4105 | D:6      | Found a sand-covered staircase.
  4121 | D:6      | Reached XP level 8. HP: 54/68 MP: 7/7
  4125 | Ossuary  | Entered an ossuary
  4633 | D:6      | Reached skill level 8 in Shields
  5287 | D:7      | Reached XP level 9. HP: 70/78 MP: 8/8
  5692 | D:7      | Reached skill level 9 in Shields
  5770 | D:6      | Noticed Pikaro's ghost (experienced DrVM)
  5787 | D:6      | Killed Pikaro's ghost
  5794 | D:6      | Gained mutation: You have a somewhat thin skeletal structure (Dex +2, Stealth). [mutagenic meat]
  5795 | D:6      | Gained mutation: You are partially covered in slimy green scales (AC +2). [mutagenic meat]
  5796 | D:6      | Gained mutation: You are partially covered in large bone plates (AC +2, SH +2). [mutagenic meat]
  5797 | D:6      | Gained mutation: You are clumsy. (Dex -2) [mutagenic meat]
  5823 | D:6      | Noticed a gargoyle
  5824 | D:6      | Noticed a centaur warrior
  5824 | D:6      | Reached skill level 5 in Dodging
  5830 | D:6      | HP: 2/79 [gargoyle/stone arrow (11)]
  5830 | D:6      | Mangled by a centaur warrior

Vault maps used:
D:1:      mrwooster_arrival_statue
D:2:      first_bread
D:4:      serial_shops, nicolae_shop_waterfront,
          nicolae_qazlal_eye_of_the_storm, uniq_natasha
D:5:      kennysheep_generic_room_3
D:6:      minmay_klotski, nicolae_ossuary_entry_catacombs
D:7:      lemuel_doored_altar, lemuel_temple_firewalk
Ossuary:  ossuary_tomb_2

Action                   |  1- 3 |  4- 6 |  7- 9 || total
-------------------------+-------+-------+-------++-------
Melee: Flail             |    23 |       |       ||    23
       Mace              |    74 |   134 |   429 ||   637
  Use: Scroll            |       |    13 |     1 ||    14
       Potion            |       |       |     1 ||     1
  Eat: Chunk             |     4 |    12 |     8 ||    24
